 Dungeon Crawl Stone Soup version 0.31-a0-233-g139696dc86 (webtiles) character file.

Game seed: 6547236521943176288

1005 qw the Skirmisher (level 8, -4/48 HPs)
             Began as a Gargoyle Hexslinger on July 7, 2023.
             Slain by a vampire (8 damage)
             ... on level 5 of the Dungeon.
             The game lasted 00:01:49 (4170 turns).

qw the Skirmisher (Gargoyle Hexslinger)             Turns: 4170, Time: 00:01:50

Health: -4/48      AC: 14    Str: 11    XL:     8   Next: 20%
Magic:  9/9        EV: 10    Int: 15    God:
Gold:   284        SH:  0    Dex: 14    Spells: 8/9 levels left

rFire   . . .        Y - +1 sling (drain)
rCold   . . .        (no shield)
rNeg    + . .        k - +0 ring mail
rPois   inf          l - +0 helmet
rElec   +            (no cloak)
rCorr   .            a - +1 pair of gloves {hurl}
SInv    +            (no boots)
Will    .....        g - amulet of regeneration
Stlth   +            b - ring of see invisible
HPRegen 1.08/turn    (no ring)
MPRegen 0.11/turn

%: no passive effects
@: no status effects
A: sickness immunity, AC +5, negative energy resistance 1, electricity
resistance, torment resistance 1, petrification resistance, wild magic 1
a: no special abilities


You were on level 5 of the Dungeon.
You visited 1 branch of the dungeon, and saw 5 of its levels.

You collected 284 gold pieces.


Innate Abilities, Weirdness & Mutations

You are immune to sickness and miasma.
Your stone body is resilient. (AC +5)
You are immune to poison.
You resist negative energy. (rN+)
You are resistant to electric shocks. (rElec)
You are resistant to unholy torment.
You are immune to petrification.
Your spells are a little harder to cast, but a little more powerful.


   Skills:
 + Level 4.5 Fighting
 - Level 8.0 Ranged Weapons
 - Level 2.8 Armour
 - Level 1.5 Dodging
 - Level 1.0 Spellcasting
 - Level 2.6 Hexes


You had 8 spell levels left.
You knew the following spells:

 Your Spells              Type           Power      Damage    Failure   Level
a - Slow                  Hex            44%        N/A       26%         1

Your spell library contained the following spells:

 Spells                   Type           Power      Damage    Failure   Level
 Inner Flame              Hex/Fire       6%         N/A       75%         3
 Portal Projectile        Hex/Tloc       12%        N/A       75%         3
 Cause Fear               Hex            5%         N/A       92%         4

Inventory:

Hand Weapons
 Y - a +1 sling of draining (weapon)
Armour
 a - a +1 pair of gloves of hurling (worn)
 d - a +1 pair of boots
 k - a +0 ring mail (worn)
 l - a +0 helmet (worn)
Jewellery
 b - a ring of see invisible (left hand)
 g - an amulet of regeneration (around neck)
Scrolls
 f - a scroll of identify
 i - a scroll of enchant weapon {unknown}
 n - 2 scrolls of teleportation {unknown}
Potions
 c - a potion of curing
 e - a potion of enlightenment
 h - a potion of mutation
 j - a potion of cancellation
 m - a potion of brilliance {unknown}
 o - a potion of resistance {unknown}

Dungeon Overview and Level Annotations

Branches:
Dungeon (5/15)
 Temple: D:4-7

Altars:
Elyvilon
Makhleb
Vehumet
Zin


Message History

The vampire hits you.
The vampire bites you but does no damage.
You shoot a sling bullet.
The sling bullet hits the vampire but does no damage.
The vampire is lightly damaged.
The vampire hits you but does no damage.
The vampire bites you!
You shoot a sling bullet.
The sling bullet closely misses the vampire.
The vampire hits you but does no damage.
The vampire closely misses you.
You shoot a sling bullet.
The sling bullet hits the vampire but does no damage.
The vampire is lightly damaged.
The vampire barely misses you.
The vampire bites you but does no damage.
You shoot a sling bullet.
The sling bullet hits the vampire but does no damage.
The vampire is lightly damaged.
The vampire hits you. The vampire completely misses you.
You shoot a sling bullet.
The sling bullet hits the vampire but does no damage.
The vampire is lightly damaged.
The vampire hits you!
The vampire bites you but does no damage.
The vampire gestures at you while chanting.
You resist with some effort.
You shoot a sling bullet. The sling bullet hits the vampire.
The vampire is moderately damaged.
The vampire hits you.
The vampire bites you but does no damage.
You shoot a sling bullet.
The sling bullet barely misses the vampire.
The vampire closely misses you.
The vampire bites you but does no damage.
You shoot a sling bullet.
The sling bullet hits the vampire but does no damage.
The vampire is moderately damaged.
The vampire hits you! The vampire bites you!
You die...

#...... #....#..#
#..... #....#..#
#..... #....#..#
#....#####....#..#
#....#........#..#
#....#[.......#..#
+..V.#........#..#
#..@.#........%..#
####
#....#'###...##..#
...#
#.......##...##..#
...#
#.......#....#...#
....
#.......#....#...#
#...
#.......#....#...# #
.. .
#.......#....#...# # .
.####.......#....##..#
#
............#....##..#


You could see a vampire.

Vanquished Creatures
  Menkaure (D:4)
  Duvessa (D:4)
  A scorpion (D:5)
  Dowan (D:4)
  3 hounds
  A jelly (D:5)
  4 orc priests
  A sleepcap (D:3)
  Jessica (D:2)
  Natasha (thrice) (D:4)
  Terence (D:2)
  An iguana (D:4)
  An orc wizard (D:5)
  A statue (D:4)
  Robin (D:4)
  5 adders
  8 gnolls
  4 worms
  2 dart slugs
  9 orcs
  10 endoplasms
  A giant cockroach (D:4)
  9 goblins
  14 hobgoblins
  6 jackals
  9 kobolds
  3 quokkas
  6 ball pythons
  3 bats
  4 frilled lizards
  A rat (D:2)
116 creatures vanquished.

Notes
Turn   | Place    | Note
-------+----------+-------------------------------------------
     0 | D:1      | qw the Gargoyle Hexslinger began the quest for the Orb.
     0 | D:1      | Reached XP level 1. HP: 12/12 MP: 2/2
     0 | D:1      | 0 ||| qw: Version: 0.3-a-46-gb1f654a
     0 | D:1      | 0 ||| qw: Game counter: 3164
     0 | D:1      | 0 ||| qw: Melee chars always use a shield: true
     0 | D:1      | 0 ||| qw: God list: Okawaru
     0 | D:1      | 0 ||| qw: Allow faded altars: false
     0 | D:1      | 0 ||| qw: Do Orc after clearing Dungeon:15 true
     0 | D:1      | 0 ||| qw: Do second Lair branch before Depths: true
     0 | D:1      | 0 ||| qw: Lair rune preference: random
     0 | D:1      | 0 ||| qw: Goals: Normal
     0 | D:1      | 0 ||| PLANNING D:1-11
    93 | D:1      | Reached XP level 2. HP: 11/16 MP: 3/3
   469 | D:1      | Reached skill level 3 in Ranged Weapons
   651 | D:1      | 651 ||| UPGRADING to +0 leather armour.
   661 | D:1      | 661 ||| DROPPING +0 robe.
   662 | D:1      | 662 ||| READING scroll labelled OCKONU UCEAHY.
   662 | D:1      | Identified a scroll of acquirement
   662 | D:1      | 662 ||| ACQUIRING +1 pair of gloves of hurling
   662 | D:1      | Acquired a +1 pair of gloves of hurling
   664 | D:1      | 664 ||| UPGRADING to +1 pair of gloves of hurling.
   669 | D:1      | 669 ||| READING scroll labelled JIAMIOPP ISHRY.
   670 | D:1      | 670 ||| READING scroll labelled FICSAI UK WIT.
   671 | D:1      | 671 ||| DROPPING scroll of poison.
   707 | D:2      | You fall into a shaft and drop 1 floor!
   727 | D:3      | Reached XP level 3. HP: 19/22 MP: 4/4
   925 | D:3      | Found a white marble altar of Elyvilon.
   931 | D:3      | Found a burning altar of Makhleb.
  1099 | D:3      | Reached XP level 4. HP: 25/27 MP: 5/5
  1233 | D:3      | 1233 ||| Stepping ~*~*~tactically~*~*~ (outnumbered).
  1236 | D:3      | Reached skill level 4 in Ranged Weapons
  1285 | D:3      | Reached XP level 5. HP: 20/31 MP: 6/6
  1503 | D:3      | 1503 ||| UPGRADING to amulet of regeneration.
  1508 | D:3      | 1508 ||| UPGRADING to ring of see invisible.
  1509 | D:3      | 1509 ||| DROPPING ring of flight.
  1510 | D:3      | 1510 ||| DRINKING 2 emerald potions.
  1514 | D:3      | 1514 ||| FLEEEEING.
  1514 | D:3      | Found a faded altar of an unknown god.
  1516 | D:3      | 1516 ||| FLEEEEING.
  1517 | D:3      | 1517 ||| FLEEEEING.
  1518 | D:3      | 1518 ||| STAIRDANCE
  1590 | D:2      | Noticed Jessica
  1593 | D:2      | Killed Jessica
  1644 | D:2      | Reached skill level 5 in Ranged Weapons
  1819 | D:2      | Reached skill level 3 in Fighting
  2098 | D:2      | Reached XP level 6. HP: 37/37 MP: 7/7
  2223 | D:2      | Noticed Terence
  2233 | D:2      | Killed Terence
  2356 | D:2      | 2356 ||| READING scroll labelled EJUSOXZ TERA.
  2357 | D:2      | 2357 ||| READING scroll labelled EPHUEMMUAVI.
  2358 | D:2      | 2358 ||| READING scroll labelled USHYNGAMUU.
  2459 | D:2      | 2459 ||| DRINKING 3 amethyst potions.
  2460 | D:2      | 2460 ||| DRINKING 2 fizzy white potions.
  2460 | D:2      | Gained mutation: Your spells are a little harder to cast,
                  | but a little more powerful. [potion of mutation]
  2461 | D:2      | 2461 ||| READING 3 scrolls of identify.
  2461 | D:2      | 2461 ||| IDENTIFYING inky potion
  2462 | D:2      | 2462 ||| READING 2 scrolls of identify.
  2462 | D:2      | 2462 ||| IDENTIFYING yellow potion
  2463 | D:2      | 2463 ||| DROPPING potion of attraction.
  2464 | D:2      | 2464 ||| DROPPING potion of invisibility.
  2717 | D:4      | 2717 ||| Stepping ~*~*~tactically~*~*~ (outnumbered).
  2721 | D:4      | Noticed Menkaure
  2725 | D:4      | 2725 ||| Stepping ~*~*~tactically~*~*~ (outnumbered).
  2727 | D:4      | 2727 ||| FLEEEEING.
  2728 | D:4      | 2728 ||| FLEEEEING.
  2743 | D:4      | Reached skill level 6 in Ranged Weapons
  2744 | D:4      | Killed Menkaure
  2776 | D:4      | Reached XP level 7. HP: 41/41 MP: 8/8
  3010 | D:4      | Noticed Duvessa
  3019 | D:4      | Noticed Dowan
  3030 | D:4      | Killed Duvessa
  3036 | D:4      | Killed Dowan
  3261 | D:4      | Noticed Natasha
  3271 | D:4      | Killed Natasha
  3295 | D:4      | Noticed Robin
  3298 | D:4      | 3298 ||| Stepping ~*~*~tactically~*~*~ (outnumbered).
  3317 | D:4      | Killed Robin
  3449 | D:4      | Found a radiant altar of Vehumet.
  3451 | D:4      | 3451 ||| FLEEEEING.
  3456 | D:4      | 3456 ||| FLEEEEING.
  3473 | D:4      | 3473 ||| FLEEEEING.
  3531 | D:4      | Noticed Natasha
  3534 | D:4      | Killed Natasha
  3560 | D:4      | Found a glowing silver altar of Zin.
  3621 | D:4      | 3621 ||| UPGRADING to +0 ring mail.
  3631 | D:4      | 3631 ||| DROPPING +0 leather armour.
  3632 | D:4      | 3632 ||| UPGRADING to +0 helmet.
  3637 | D:4      | 3637 ||| READING scroll labelled LYIDOA SEH GIA.
  3638 | D:4      | 3638 ||| READING scroll labelled ROADUIL YREAFU.
  3639 | D:4      | 3639 ||| DRINKING 2 silvery potions.
  3641 | D:4      | Noticed Natasha
  3647 | D:4      | Killed Natasha
  3681 | D:4      | 3681 ||| READING 3 scrolls of identify.
  3681 | D:4      | 3681 ||| IDENTIFYING bubbling emerald potion
  3682 | D:4      | 3682 ||| READING 2 scrolls of identify.
  3682 | D:4      | 3682 ||| IDENTIFYING murky brown potion
  3683 | D:4      | 3683 ||| DROPPING potion of ambrosia.
  3684 | D:4      | 3684 ||| DROPPING potion of lignification.
  3717 | D:5      | Entered Level 5 of the Dungeon
  3858 | D:5      | Reached skill level 7 in Ranged Weapons
  3891 | D:5      | Reached XP level 8. HP: 20/48 MP: 9/9
  4123 | D:5      | Reached skill level 8 in Ranged Weapons
  4140 | D:5      | Noticed a vampire
  4148 | D:5      | 4148 ||| DRINKING 2 potions of curing.
  4148 | D:5      | 4148 ||| (to cure confusion)
  4167 | D:5      | HP: 11/48 [vampire (8)]
  4170 | D:5      | HP: 4/48 [vampire (7)]
  4170 | D:5      | Slain by a vampire

Levels and vault maps discovered:
D:1:      lightli_arrival_flooded_house, layout_loops_cross, chequers_arboretum
D:2:      layout_loops_corners, st_stairs_3, uniq_terence, uniq_jessica
D:3:      minmay_inner_zag, layout_loops_ring, old_standard_altar,
          mainiacjoe_overflow_chevrons, nicolae_ecumenical_pavilion,
          kennysheep_cross_room
D:4:      layout_loops_corners, vehumet_statue, zin_scriptorium, uniq_robin,
          uniq_menkaure, uniq_natasha, uniq_duvessa
D:5:      gammafunk_wand_slinger, layout_gridville,
          minmay_temple_entry_from_below_a

Skill      XL: |  1  2  3  4  5  6  7  8 |
---------------+-------------------------+-----
Ranged Weapons | 3 4 5 6 7 8 |  8.0
Fighting       | 2 3 4 |  4.5
Armour         | 2 |  2.8
Dodging        | |  1.5
Spellcasting   | |  1.0
Hexes          | |  2.6

Action                     |  1- 3 |  4- 6 |  7- 9 || total
---------------------------+-------+-------+-------++-------
   Fire: Sling             |    80 |   155 |   216 ||   451
    Use: Scroll            |     3 |     5 |     4 ||    12
         Potion            |       |     3 |     2 ||     5
 Armour: Robe              |     9 |       |       ||     9
         Leather armour    |     4 |    37 |    34 ||    75
         Ring mail         |       |       |    49 ||    49
         Skin              |       |       |     1 ||     1
  Dodge: Dodged            |    27 |    40 |    92 ||   159

Table legend:
 A = Non-vault XP
 B = Vault XP
 C = Vault XP percentage of total XP
 D = Non-vault monster count
 E = Vault monster count
 F = Vault count percentage of total count
                 A         B        C        D         E       F
            +---------+---------+-------+---------+---------+-------
      Total |     856 |     580 |  40.4 |      89 |      27 |  23.3
            +---------+---------+-------+---------+---------+-------
        D:1 |      21 |       0 |   0.0 |      11 |       0 |   0.0
        D:2 |     108 |      76 |  41.3 |      19 |       4 |  17.4
        D:3 |     153 |       8 |   5.0 |      26 |       5 |  16.1
        D:4 |     201 |     496 |  71.2 |      18 |      18 |  50.0
        D:5 |     373 |       0 |   0.0 |      15 |       0 |   0.0
            +---------+---------+-------+---------+---------+-------
